Map: [ESL] Ancient Cistern

Players

MaxPax - Winner!

  • Race: Protoss Protoss
  • Spawn Location: 7:00

Serral

  • Race: Zerg Zerg
  • Spawn Location: 1:00

Event: ESL SC2 Masters 2023 Summer (Regionals)

VOD

Have the link to the VOD?

Description

Time

  • Played on: May 21, 2023, 2:56 p.m.
  • Length: 14:11

All games in this series

Show
View Real Time Build Order
Export as new Build Order

MaxPax Protoss - Winner!

Build Orders: 1 Gate Expand, Oracle Opening 

Get SALT Encoding   

  12  0:00  Probe  
  13  0:12  Probe  
  14  0:19  Pylon  
  14  0:24  Probe  
  15  0:37  Probe (Chrono Boost)  
  15  0:38  Gateway  
  16  0:46  Probe (Chrono Boost)  
  16  0:48  Assimilator  
  17  0:51  Probe (Chrono Boost)  
  18  1:03  Probe  
  19  1:15  Probe  
  20  1:25  Nexus  
  20  1:35  Cybernetics Core  
  20  1:37  Probe  
  21  1:42  Assimilator  
  21  1:49  Probe  
  21  1:51  Pylon  
  23  2:01  Probe (Chrono Boost)  
  23  2:11  Adept  
  23  2:12  Warp Gate  
  23  2:13  Probe (Chrono Boost)  
  26  2:21  Probe (Chrono Boost)  
  27  2:28  Probe (Chrono Boost), Stargate  
  28  2:37  Probe (Chrono Boost)  
  28  2:41  Stalker  
  28  2:42  Probe (Chrono Boost)  
  32  2:47  Probe (Chrono Boost)  
  32  2:50  Probe (Chrono Boost)  
  34  2:54  Probe (Chrono Boost)  
  34  2:55  Probe (Chrono Boost)  
  36  3:00  Gateway  
  36  3:03  Probe  
  37  3:06  Probe  
  37  3:09  Oracle (Chrono Boost)  
  41  3:14  Pylon  
  41  3:15  Probe  
  41  3:18  Probe  
  43  3:20  Adept  
  45  3:27  Probe  
  45  3:33  Probe  
  47  3:36  Oracle (Chrono Boost)  
  47  3:40  Probe  
  51  3:44  Pylon  
  51  3:45  Probe  
  52  3:52  Probe  
  52  3:53  Nexus  
  53  3:58  Probe  
  53  4:01  Assimilator  
  54  4:04  Assimilator  
  54  4:05  Adept, Probe  
  54  4:09  Adept  
  59  4:11  Probe  
  59  4:14  Pylon  
  60  4:18  Probe  
  60  4:23  Probe  
  62  4:28  Twilight Council  
  62  4:29  Forge, Oracle (Chrono Boost)  
  65  4:39  Probe  
  65  4:44  Probe  
  67  4:51  Probe  
  62  4:56  Probe  
  62  4:58  Protoss Ground Weapons Level 1 (Chrono Boost)  
  62  4:59  Stalker x2, Blink (Chrono Boost)  
  65  5:03  Probe  
  66  5:07  Gateway  
  66  5:08  Probe  
  66  5:09  Gateway  
  66  5:11  Probe, Gateway  
  68  5:15  Probe  
  70  5:23  Probe (Chrono Boost)  
  70  5:24  Probe (Chrono Boost)  
  72  5:29  Stalker  
  72  5:33  Probe (Chrono Boost)  
  72  5:35  Probe (Chrono Boost)  
  76  5:37  Probe (Chrono Boost)  
  76  5:38  Stalker, Forge  
  76  5:40  Probe (Chrono Boost)  
  76  5:41  Probe (Chrono Boost)  
  76  5:42  Photon Cannon  
  80  5:43  Pylon  
  80  5:45  Probe  
  81  5:50  Probe  
  81  5:54  Robotics Facility  
  81  5:55  Shield Battery  
  82  5:59  Pylon  
  82  6:00  Stalker  
  82  6:03  Pylon  
  84  6:05  Pylon  
  84  6:07  Stalker x3  
  90  6:12  Protoss Ground Armor Level 1  
  90  6:14  Stalker  
  92  6:20  Gateway  
  92  6:25  Nexus  
  92  6:29  Stalker  
  92  6:32  Photon Cannon, Stalker  
  96  6:37  Probe  
  96  6:39  Stalker x2  
  101  6:45  Observer (Chrono Boost)  
  101  6:46  Charge (Chrono Boost)  
  102  6:51  Stalker  
  102  6:53  Stalker  
  106  7:02  Nexus  
  106  7:07  Warp Prism (Chrono Boost)  
  106  7:10  Probe  
  109  7:16  Probe  
  109  7:19  Stalker x3, Protoss Ground Weapons Level 2 (Chrono Boost)  
  109  7:21  Pylon  
  116  7:23  Shield Battery  
  116  7:30  Probe  
  116  7:34  Pylon  
  116  7:35  Pylon  
  117  7:39  Probe  
  117  7:42  Stalker x3  
  117  7:44  Gateway  
  124  7:47  Gateway  
  124  7:48  Probe  
  125  7:52  Probe  
  125  7:56  Pylon  
  126  8:04  Zealot x3  
  126  8:05  Zealot x3  
  138  8:07  Probe  
  139  8:13  Gateway  
  139  8:15  Gateway  
  139  8:18  Pylon  
  130  8:20  Protoss Ground Armor Level 2 (Chrono Boost)  
  130  8:23  Probe x3  
  130  8:29  Zealot x6  
  140  8:35  Probe  
  131  8:44  Stalker x2  
  131  8:45  Probe x2  
  131  8:47  Probe  
  132  8:57  Probe x2  
  132  8:59  Probe  
  132  9:00  Robotics Bay  
  131  9:04  Stalker x5  
  137  9:12  Photon Cannon  
  137  9:15  Pylon  
  137  9:30  Stalker x2  
  131  9:35  Nexus  
  131  9:39  Photon Cannon, Stalker x3  
  131  9:40  Shield Battery  
  131  9:43  Zealot x5  
  147  9:50  Warp Prism (Chrono Boost)  
  137  9:57  Probe  
  126  10:06  Stalker x6  
  134  10:07  Zealot x3  
  134  10:10  Probe x2  
  142  10:20  Stalker  
  144  10:23  Protoss Ground Weapons Level 3 (Chrono Boost)  
  135  10:29  Probe x3  
  135  10:30  Zealot  
  135  10:31  Zealot x5  
  150  10:41  Probe  
  145  10:45  Stalker x4  
  145  10:54  Probe  
  142  10:58  Disruptor (Chrono Boost)  
  142  10:59  Zealot x6  
  142  11:02  Probe  
  141  11:06  Protoss Ground Armor Level 3 (Chrono Boost)  
  141  11:07  Probe  
  140  11:17  Probe x3  
  139  11:25  Probe  
  140  11:30  Zealot x5  
  140  11:31  Zealot x2  
  140  11:32  Probe  
  153  11:33  Probe  
  153  11:36  Probe  
  153  11:37  Probe  
  156  11:44  Probe  
  139  11:55  Stalker x6, Probe  
  139  11:58  Probe  
  139  12:00  Probe  
  145  12:02  Probe  
  145  12:06  Disruptor (Chrono Boost)  
  145  12:07  Zealot x4, Probe  
  149  12:10  Probe  
  153  12:22  Zealot x5  
  153  12:23  Zealot  
  153  12:27  Probe  
  153  12:28  Probe  
  163  12:38  Zealot x4  
  163  12:40  Colossus (Chrono Boost)  
  169  12:45  Probe  
  160  12:57  Nexus  
  158  12:59  Stalker x6  
  158  13:00  Pylon  
  158  13:02  Probe  
  169  13:13  Zealot x4  
  177  13:21  Disruptor (Chrono Boost)  
  177  13:23  Zealot x6  
  190  13:33  Probe  
  190  13:34  Robotics Facility  
  185  13:35  Photon Cannon x2  
  185  13:36  Photon Cannon  
  185  13:37  Shield Battery  
  185  13:46  Zealot x7  
  182  14:04  Zealot x3  
Show
View Real Time Build Order
Export as new Build Order

Serral Zerg 

Build Orders: Hatch First, Lurkers 

Get SALT Encoding   

  12  0:00  Drone  
  13  0:08  Drone  
  14  0:14  Extractor  
  14  0:15  Drone  
  15  0:36  Hatchery  
  15  0:41  Extractor  
  15  0:42  Drone  
  15  0:48  Overlord  
  15  1:02  Spawning Pool  
  14  1:06  Drone  
  14  1:10  Drone  
  16  1:13  Drone  
  16  1:17  Drone  
  18  1:23  Extractor  
  17  1:29  Drone  
  18  1:39  Drone  
  19  1:49  Queen x2  
  19  1:50  Zergling x2  
  19  1:52  Drone  
  25  2:00  Overlord  
  25  2:02  Drone  
  26  2:10  Drone  
  26  2:11  Drone  
  28  2:21  Drone  
  28  2:22  Drone  
  30  2:26  Metabolic Boost  
  30  2:32  Drone  
  31  2:40  Hatchery  
  31  2:44  Drone  
  31  2:46  Overlord  
  30  2:51  Queen  
  30  2:54  Drone  
  30  2:57  Drone  
  30  2:58  Drone  
  35  3:03  Overlord  
  35  3:07  Drone  
  35  3:09  Queen  
  38  3:14  Drone x2  
  38  3:16  Drone  
  38  3:18  Drone  
  42  3:25  Drone  
  43  3:27  Drone  
  43  3:29  Drone x2  
  43  3:30  Queen  
  43  3:33  Overlord  
  48  3:37  Evolution Chamber  
  48  3:41  Zergling x4  
  48  3:46  Zergling x2  
  50  3:51  Queen  
  50  3:54  Overlord  
  52  3:56  Spore Crawler x2  
  52  3:58  Drone  
  52  3:59  Drone  
  52  4:01  Drone  
  52  4:02  Drone  
  54  4:05  Zerg Melee Weapons Level 1  
  54  4:07  Drone  
  55  4:12  Zergling x2  
  55  4:13  Drone  
  55  4:14  Drone x2  
  55  4:16  Overlord  
  59  4:20  Zergling x2  
  59  4:21  Drone  
  59  4:22  Drone  
  62  4:24  Zergling x2  
  62  4:27  Zergling x2  
  64  4:33  Drone x4  
  64  4:35  Zergling x2  
  64  4:36  Overlord  
  69  4:41  Drone x3  
  69  4:47  Drone x3  
  68  4:54  Drone  
  68  4:56  Drone x4  
  71  5:00  Drone  
  71  5:02  Drone x3  
  74  5:08  Drone x2  
  74  5:10  Drone  
  74  5:12  Extractor  
  76  5:14  Lair  
  76  5:16  Hatchery  
  76  5:20  Drone x2  
  76  5:21  Roach Warren  
  76  5:25  Drone  
  77  5:29  Extractor  
  77  5:30  Extractor, Drone x6  
  77  5:34  Overlord  
  80  5:36  Drone x3  
  80  5:40  Overlord, Extractor  
  80  5:42  Drone x2  
  84  5:43  Drone x2  
  87  5:52  Overlord  
  87  6:00  Baneling Nest, Zergling x10, Hatchery  
  90  6:06  Zergling x6  
  90  6:10  Spore Crawler  
  91  6:12  Zerg Melee Weapons Level 2  
  91  6:14  Infestation Pit  
  91  6:17  Overlord  
  91  6:18  Zergling x12  
  96  6:26  Overlord  
  96  6:27  Zergling x8  
  96  6:29  Queen  
  96  6:31  Overlord  
  96  6:32  Overlord  
  102  6:42  Zergling x6  
  102  6:43  Drone x3  
  102  6:44  Drone  
  102  6:45  Centrifugal Hooks  
  102  6:46  Drone  
  110  6:47  Overlord  
  110  6:51  Zergling x8  
  114  6:54  Hive  
  114  6:55  Zergling x2  
  114  6:56  Zergling x4  
  114  6:58  Overlord  
  115  7:06  Drone  
  115  7:07  Drone x4  
  119  7:11  Queen  
  119  7:13  Zergling x2  
  119  7:14  Zergling x14  
  127  7:18  Overlord  
  127  7:24  Drone  
  127  7:25  Extractor  
  127  7:26  Drone x3  
  127  7:27  Drone x5  
  135  7:33  Drone x3  
  135  7:36  Roach  
  135  7:37  Roach x3  
  144  7:42  Baneling x7  
  144  7:43  Roach x6  
  155  7:48  Overlord  
  155  7:49  Roach x2  
  155  7:50  Spore Crawler, Zergling x2  
  159  7:51  Baneling x4  
  159  7:52  Baneling x2  
  152  8:01  Zergling x20  
  160  8:09  Zergling x16  
  160  8:11  Baneling x6  
  168  8:19  Zergling x18  
  163  8:23  Glial Reconstitution  
  163  8:26  Zergling x12  
  168  8:27  Zergling x2  
  168  8:32  Zergling x8  
  157  8:41  Roach  
  157  8:42  Roach x5  
  157  8:45  Baneling x5  
  157  8:46  Overlord  
  167  8:49  Overlord  
  167  8:54  Baneling x5  
  166  8:58  Zergling x2  
  167  9:05  Zergling x18  
  167  9:09  Extractor  
  174  9:10  Hatchery, Baneling x11  
  174  9:11  Zerg Melee Weapons Level 3, Ravager  
  174  9:13  Zergling x10  
  174  9:15  Baneling x2  
  174  9:16  Baneling x3  
  179  9:19  Zergling x2  
  179  9:20  Zergling x6  
  176  9:26  Zergling x6  
  176  9:30  Zergling x2  
  170  9:34  Baneling x6  
  169  9:41  Zergling x10, Drone  
  169  9:44  Zergling x2  
  176  9:52  Zergling x6  
  167  9:56  Zergling x14  
  167  9:59  Queen x2  
  168  10:03  Hatchery  
  168  10:04  Zergling x12  
  169  10:10  Drone  
  169  10:11  Baneling x6  
  169  10:15  Zergling x10  
  169  10:17  Pneumatized Carapace  
  169  10:19  Overlord  
  174  10:22  Overlord  
  170  10:30  Zergling x24  
  170  10:33  Spore Crawler  
  170  10:35  Zergling x4  
  179  10:40  Zergling x6  
  164  10:44  Zergling x10  
  160  10:52  Roach x3  
  160  10:53  Baneling x10  
  160  10:55  Hydralisk Den  
  160  10:56  Roach x3, Zergling x4  
  163  10:59  Zergling x6  
  157  11:05  Zergling x4  
  157  11:11  Zergling x12  
  155  11:16  Zergling x12  
  147  11:20  Baneling x6  
  147  11:23  Roach x6  
  159  11:29  Lurker Den, Zergling x14  
  165  11:38  Drone  
  165  11:39  Drone x2  
  168  11:40  Zergling x4  
  168  11:45  Zergling x10  
  171  11:48  Zerg Missile Weapons Level 1  
  160  11:54  Zergling x14  
  160  11:58  Zergling x12  
  169  12:04  Zergling x2  
  169  12:09  Drone x2  
  169  12:10  Overlord, Drone  
  169  12:13  Adrenal Glands  
  169  12:15  Hydralisk x6  
  170  12:19  Zergling x8  
  170  12:22  Baneling x4  
  177  12:23  Zergling x4  
  170  12:30  Zergling x14  
  170  12:31  Zergling x2  
  170  12:34  Zergling x4  
  174  12:40  Zergling x4  
  174  12:42  Seismic Spines  
  167  12:45  Lurker x6  
  172  12:52  Drone  
  167  12:59  Zergling x4  
  167  13:00  Zergling x10  
  171  13:06  Baneling x6  
  171  13:07  Hatchery  
  171  13:10  Zergling x2  
  171  13:11  Zergling x14  
  169  13:22  Zergling x2  
  169  13:23  Zergling x16  
  175  13:29  Hydralisk  
  175  13:30  Hydralisk x3  
  175  13:32  Baneling x3  
  175  13:33  Baneling  
  181  13:40  Zergling x16  
  184  13:48  Zergling x10  
Tags
 
Add a new tag
Caveats
  • Supply blocks, unpowered buildings, or Contaminate may cause inaccurate times.
  • Supply counts are checked every 10 seconds.